 Dungeon Crawl Stone Soup version 0.20.1-1-g8b1a95d (webtiles) character file.

625943 vineage the Hoplite (level 27, -4/183 HPs)
             Began as a Gargoyle Fighter on Oct 25, 2017.
             Was the Champion of the Shining One.
             Killed by divine providence
             ... invoked by a mummy priest
              (15 damage)
             ... on level 3 of the Tomb of the Ancients on Oct 26, 2017.
             The game lasted 03:25:13 (61068 turns).

vineage the Hoplite (Gargoyle Fighter)             Turns: 61068, Time: 03:25:14

Health: -4/183     AC: 59    Str: 42    XL:     27
Magic:  5/44       EV: 24    Int:  7    God:    the Shining One [******]
Gold:   4021       SH: 50    Dex: 29    Spells: 26/41 levels left

rFire    + + +     SeeInvis +   W - +9 sacred scourge (holy)
rCold    + + .     Gourm    .   k - +7 large shield {AC+3}
rNeg     + + +     Faith    .   q - +8 chain mail "Zocukh" {Regen+}
rPois    ∞         Spirit   .   b - +0 hat "Oguis" {rN+ Str+4}
rElec    +         Reflect  .   K - scarf {rC+ rF+}
rCorr    +         Harm     .   n - +0 pair of gloves of Okawaru's Displeasure {rElec Int-3 Dex+2 SInv}
MR       ++...     Clarity  +   J - +2 pair of boots "Rurchafun" {Dex+5}
Stlth    ..........             a - amulet "Cequhime" {RegenMP Str+6 Dex+2}
Regen    0.8/turn               V - ring "Xyluppeg" {rF+ MP+9 Dex+7}
MPRegen  0.5/turn               j - ring of the Cricket {AC+4 Dex+2}

@: divine shield, about to teleport, resistant, flying, hasted, glowing,
studying 2 skills, very quick
A: big wings, repulsion field 1, slimy green scales 1, clarity, negative energy
resistance 1, electricity resistance, strong 1, unbreathing, petrification
resistance, rot immunity, subdued magic 1, AC +20
}: 3/15 runes: decaying, serpentine, silver
a: Stop Flying, Divine Shield, Cleansing Flame, Summon Divine Warrior, Renounce
Religion


You were on level 3 of the Tomb of the Ancients.
You worshipped the Shining One.
The Shining One was exalted by your worship.
You were not hungry.

You visited 12 branches of the dungeon, and saw 52 of its levels.
You also visited: Labyrinth, Sewer, Ossuary and Bailey.

You collected 6436 gold pieces.
You spent 2415 gold pieces at shops.

Inventory:

Hand Weapons
 u - the +6 long sword of Brawl {freeze, *Rage +Fly rElec Str+8}
   (You took it off a deep elf mage on level 5 of the Vaults)

   It has been specially enchanted to freeze those struck by it, causing extra
   injury to most foes and up to half again as much damage against particularly
   susceptible opponents.
   It can also slow down cold-blooded creatures.
   It affects your strength (+8).
   It insulates you from electricity.
   It lets you fly.
   It may make you go berserk in combat.
 S - the +5 long sword of Ywkadghath {elec, Int+3}
   (You found it on level 3 of the Elven Halls)

   Occasionally, upon striking a foe, it will discharge some electrical energy
   and cause terrible harm.
   It affects your intelligence (+3).
 T - the +11 mace "Ciups" {flame, +Inv MP+9 Int+3}
   (You found it on level 3 of the Elven Halls)

   It has been specially enchanted to burn those struck by it, causing extra
   injury to most foes and up to half again as much damage against particularly
   susceptible opponents.
   It affects your intelligence (+3).
   It affects your magic capacity (+9).
   It lets you turn invisible.
 W - a +9 sacred scourge of holy wrath (weapon)
Armour
 b - the +0 hat "Oguis" (worn) {rN+ Str+4}
   (Okawaru gifted it to you on level 5 of the Vaults)

   It affects your strength (+4).
   It protects you from negative energy.
 e - the +1 ice dragon scales of Fyij {rF- rC++ Int+3}
   (You found it in a bailey)

   It affects your intelligence (+3).
   It makes you vulnerable to fire.
   It greatly protects you from cold.
 k - a +7 large shield of protection (worn)
 n - the +0 pair of gloves of Okawaru's Displeasure (worn) {rElec Int-3 Dex+2 SInv}
   (Okawaru gifted it to you on level 6 of the Lair of Beasts)

   It affects your intelligence (-3).
   It affects your dexterity (+2).
   It insulates you from electricity.
   It lets you see invisible.
 q - the +8 chain mail "Zocukh" (worn) {Regen+}
   (Okawaru gifted it to you on level 13 of the Dungeon)

   It increases your rate of regeneration.
 t - the +3 pair of gloves of Untold Secrets {rN+ MP+9 Int+2 Dex-2}
   (Okawaru gifted it to you on level 3 of the Elven Halls)

   It affects your intelligence (+2).
   It affects your dexterity (-2).
   It protects you from negative energy.
   It affects your magic capacity (+9).
 F - a scarf of repulsion
 G - a scarf of spirit shield
 J - the +2 pair of boots "Rurchafun" (worn) {Dex+5}
   (Okawaru gifted it to you on level 4 of the Vaults)

   It affects your dexterity (+5).
 K - a scarf of resistance (worn)
Jewellery
 a - the amulet "Cequhime" (around neck) {RegenMP Str+6 Dex+2}
   (You took it off a deep elf demonologist on level 3 of the Elven Halls)

   [amulet of magic regeneration]

   It increases your magic regeneration.
   It affects your strength (+6).
   It affects your dexterity (+2).
 i - the ring "Retout" {Dex+3 SInv}
   (You acquired it on level 2 of the Snake Pit)

   [ring of dexterity]

   It affects your dexterity (+3).
   It lets you see invisible.
 j - the ring of the Cricket (right hand) {AC+4 Dex+2}
   (You took it off a deep elf blademaster on level 3 of the Elven Halls)

   [ring of protection]

   It affects your AC (+4).
   It affects your dexterity (+2).
 I - the ring "Qaofon" {rC+ Int+4 SInv}
   (You acquired it on level 4 of the Snake Pit)

   [ring of protection from cold]

   It affects your intelligence (+4).
   It protects you from cold.
   It lets you see invisible.
 R - the ring "Loheoplell" {Fire Str+2}
   (You found it on level 2 of the Depths)

   [ring of fire]

   It enhances your fire magic.
   It affects your strength (+2).
   It protects you from fire.
   It makes you vulnerable to cold.
 V - the ring "Xyluppeg" (left hand) {rF+ MP+9 Dex+7}
   (You took it off an orc on level 5 of the Vaults)

   [ring of magical power]

   It affects your dexterity (+7).
   It protects you from fire.
   It affects your magic capacity (+9).
 Z - the ring "Deni" {Ice Str+2}
   (You took it off a vault sentinel on level 5 of the Vaults)

   [ring of ice]

   It enhances your ice magic.
   It affects your strength (+2).
   It makes you vulnerable to fire.
   It protects you from cold.
Wands
 h - a wand of polymorph (18/24)
Scrolls
 l - 6 scrolls of teleportation
 p - 10 scrolls of recharging
 r - a scroll of fear
 y - 24 scrolls of remove curse
 A - 3 scrolls of amnesia
 C - 11 scrolls of identify
 N - 3 scrolls of brand weapon
 U - 16 scrolls of magic mapping
 X - 3 scrolls of fog
Potions
 d - 4 potions of agility
 s - 5 potions of curing
 x - 4 potions of berserk rage
 B - a potion of resistance
 O - 3 potions of might
Books
 c - a Fen Folio

   Spells                             Type                      Level
   a - Corpse Rot                     Necromancy                   2
   b - Stone Arrow                    Conjuration/Earth            3
   c - Leda's Liquefaction            Hexes/Earth                  4
   d - Summon Forest                  Summoning/Translocation      5
   e - Hydra Form                     Transmutation                6
   f - Summon Hydra                   Summoning                    7
 v - a book of Debilitation

   Spells                             Type                      Level
   a - Corona                         Hexes                        1
   b - Slow                           Hexes                        2
   c - Inner Flame                    Hexes/Fire                   3
   d - Portal Projectile              Hexes/Translocation          3
   e - Cause Fear                     Hexes                        4
   f - Leda's Liquefaction            Hexes/Earth                  4
 w - the Almanac of Battle Magic
   (You found it on level 5 of the Vaults)

   Spells                             Type                      Level
   a - Shock                          Conjuration/Air              1
   b - Stone Arrow                    Conjuration/Earth            3
   c - Bolt of Magma                  Conjuration/Fire/Earth       5
   d - Venom Bolt                     Conjuration/Poison           5
   e - Conjure Ball Lightning         Conjuration/Air              6
 D - a manual of Long Blades
 H - a book of the Sky

   Spells                             Type                      Level
   a - Summon Lightning Spire         Summoning/Air                4
   b - Silence                        Hexes/Air                    5
   c - Deflect Missiles               Charms/Air                   6
   d - Conjure Ball Lightning         Conjuration/Air              6
   e - Tornado                        Air                          9
 M - a manual of Maces & Flails
 Q - a book of Minor Magic

   Spells                             Type                      Level
   a - Magic Dart                     Conjuration                  1
   b - Blink                          Translocation                2
   c - Call Imp                       Summoning                    2
   d - Slow                           Hexes                        2
   e - Conjure Flame                  Conjuration/Fire             3
   f - Mephitic Cloud                 Conjuration/Poison/Air       3
 Y - a book of Ice

   Spells                             Type                      Level
   a - Ice Form                       Ice/Transmutation            4
   b - Metabolic Englaciation         Hexes/Ice                    5
   c - Ozocubu's Refrigeration        Ice                          6
   d - Bolt of Cold                   Conjuration/Ice              6
   e - Freezing Cloud                 Conjuration/Ice/Air          6
   f - Simulacrum                     Ice/Necromancy               6
Comestibles
 f - 25 bread rations
 m - 21 meat rations
 o - 4 fruits
 P - 11 royal jellies


   Skills:
 - Level 21.6 Fighting
 - Level 22.6 Maces & Flails
 - Level 20.4 Armour
 - Level 11.8 Dodging
 - Level 3.4 Stealth
 - Level 24.5 Shields
 * Level 7.5 Spellcasting
 * Level 7.4 Charms
 * Level 6.5 Air Magic
 * Level 16.9 Invocations
 - Level 0.1 Evocations


You had 26 spell levels left.
You knew the following spells:

 Your Spells              Type           Power        Failure   Level  Hunger
a - Deflect Missiles      Chrm/Air       #.........   98%         6    #######
b - Tornado               Air            #.........   100%        9    #######


Dungeon Overview and Level Annotations

Branches:
Dungeon (15/15)            Temple (1/1) D:6            Lair (6/6) D:8
  Swamp (4/4) Lair:4        Snake (4/4) Lair:2        Slime (1/5) Lair:6
    Orc (2/2) D:12            Elf (3/3) Orc:2        Vaults (5/5) D:13
  Crypt (3/3) Vaults:2       Tomb (3/3) Crypt:3      Depths (5/5) D:15
    Zot (0/5) Depths:5

Altars:
Ashenzari
Cheibriados
Dithmenos
Elyvilon
Fedhas
Gozag
Hepliaklqana
Kikubaaqudgha
Makhleb
Nemelex Xobeh
Okawaru
Qazlal
Ru
Sif Muna
Trog
Uskayaw
Vehumet
Xom
Yredelemnul
Zin
The Shining One
Beogh

Shops:
D:13 (   D:15 (   Orc:2 :([   Elf:1 (   Snake:2 [(}?   Snake:4 =   Vaults:1 }
Vaults:2 =   Vaults:3 (   Depths:1 *   Depths:4 :   Depths:5 [(!

Portals:
Hell: Depths:1 Depths:2 Depths:3 Depths:4 Depths:5
Abyss: Depths:2 Depths:4
Pandemonium: Depths:3 Depths:4
Ziggurat: Depths:1
Trove: D:12 (give +5 demon whip)

Annotations:
D:14 exclusion: Roxanne, Roxanne
Elf:2 2 runed doors


Innate Abilities, Weirdness & Mutations

You are resistant to torment.
Your stone body is resilient. (AC +20)
You are immune to poison.
Your large and strong wings let you fly indefinitely.
You resist negative energy. (rN+)
You are resistant to electric shocks. (rElec)
You can survive without breathing.
You are immune to petrification.
You are immune to rotting.
You are surrounded by a mild repulsion field. (EV +2)
You are partially covered in slimy green scales. (AC +2)
You possess an exceptional clarity of mind.
Your muscles are strong. (Str +2)
Your spells are a little easier to cast, but a little less powerful.


Message History

You block the guardian mummy's attack. x2
The mummy priest calls on the powers of darkness!
Your body is wracked with pain!
* * * LOW HITPOINT WARNING * * *
You whack the death scarab!
The death scarab convulses!
The death scarab is almost destroyed.
You block the death scarab's attack. The greater mummy casts a spell at you.
Something smites you!
* * * LOW HITPOINT WARNING * * *
You block the spectral snapping turtle's attack.
You barely miss the death scarab.
The death scarab is almost destroyed.
You block the death scarab's attack.
You devastate the death scarab!!!
You destroy the death scarab!
The death scarab's corpse disappears in a puff of smoke!
The mummy priest invokes the aid of its god against you.
Something smites you!
You die...

#......#
#.|....#
84..†..+
#MM..†.#
#MMsM..#
#MMsM†.#
#MMZs†)#


#MMzWZ)# #@M§.V.# ######## You could see 2 greater mummies, a mummy priest, 2
guardian mummies, a spectral snapping turtle and a flying skull.

Vanquished Creatures
  5 ancient liches
  Khufu (Crypt:1)
  Mennas (Vaults:4)
  Sojobo (Vaults:5)
  4 greater mummies
  Margery (Vaults:3)
  Bai Suzhen (Crypt:3)
  Frederick (Vaults:3)
  4 golden dragons
  Jory (Vaults:3)
  A pearl dragon (Depths:1)
  A bone dragon (Swamp:4)
  The ghost of equalderp2856 the Severer, an adept MiFi (Vaults:2)
  3 tentacled monstrosities (Vaults:5)
  Asterion (Vaults:1)
  14 liches
  8 deep elf blademasters
  8 deep elf master archers
  A quicksilver dragon (Depths:2)
  14 titans
  9 sphinxes
  A thorn hunter (Swamp:4)
  Kirke (Snake:1)
  10 ancient champions
  A draconian monk (Depths:3)
  8 shadow dragons
  11 nagarajas (Snake:4)
  6 storm dragons
  An azure jelly (shapeshifter) (Vaults:5)
  6 tengu reavers
  24 fire giants
  3 revenants
  The ghost of Jazqa the Warrior, a journeyman DsBe of Trog (D:15)
  2 orc warlords
  Aizul (Swamp:3)
  A draconian knight (Depths:5)
  A juggernaut zombie (Depths:2)
  22 frost giants
  13 deep elf sorcerers
  A balrug (Depths:3)
  19 vault wardens
  2 curse skulls (Crypt:3)
  7 iron dragons
  5 deep elf elementalists
  20 ghouls
  2 war gargoyles
  2 juggernaut skeletons (Depths:3)
  A draconian annihilator (Depths:3)
  17 ironheart preservers
  A reaper (Depths:4)
  An ophan (Depths:1)
  Nessos (D:14)
  22 very ugly things
  An apis (Depths:1)
  4 deep elf annihilators
  2 purple draconians (Depths:3)
  27 stone giants
  5 deep elf demonologists
  2 red draconians (Depths:5)
  2 yellow draconians (Depths:5)
  4 bennus (Tomb:3)
  12 vampire knights
  2 white draconians
  3 large abominations (Vaults:5)
  A spark wasp (Depths:3)
  The ghost of Lovchig the Cleaver, a journeyman DDFi of Xom (D:13)
  9 ettins
  4 eidola
  17 mummy priests
  13 fire dragons
  10 yaktaur captains
  9 jiangshi
  20 deep elf death magi
  6 deep elf high priests
  4 great orbs of eyes
  A ragged hierophant (Vaults:4)
  A minotaur (Lab)
  Fannar (Lair:3)
  39 vault guards
  8 rakshasas
  10 hydras
  10 ice dragons
  A hydra (shapeshifter) (Vaults:4)
  4 ghost crabs (Swamp:4)
  4 spriggan air magi
  5 death knights
  15 naga warriors
  44 two-headed ogres
  7 centaur warriors
  8 anacondas
  13 ogre magi
  22 dancing weapons
  A satyr (shapeshifter) (Vaults:5)
  63 death scarabs
  2 orc high priests
  6 alligators
  19 naga sharpshooters
  7 tengu warriors
  11 deep troll earth magi
  A titan zombie (Crypt:3)
  5 spriggan berserkers
  The ghost of geeseburger the Fencer, a journeyman TeAK of Lugonu (D:8)
  12 deep troll shamans
  3 small abominations
  7 shock serpents
  Sonja (D:11)
  28 deep elf knights
  9 vampire magi
  A storm dragon zombie (Vaults:3)
  3 soul eaters
  2 sun demons (Depths:3)
  11 hell knights
  3 iron trolls
  A salamander mystic (Snake:4)
  4 shadow wraiths
  47 skeletal warriors
  A titan skeleton (Depths:3)
  A golden dragon zombie (Depths:3)
  A death drake (Swamp:4)
  5 glowing orange brains
  An anaconda zombie (Tomb:1)
  2 flayed ghosts
  2 death drakes (shapeshifter)
  44 deep trolls
  An unseen horror (D:11)
  2 swamp dragons
  7 naga ritualists
  Pikel (D:7)
  3 spriggan druids (Swamp:2)
  2 shambling mangroves
  A shadow dragon zombie (Tomb:2)
  23 deep elf archers
  5 mana vipers
  5 harpies (Vaults:2)
  73 deep elf magi
  9 phantasmal warriors
  13 ironbrand convokers
  An anaconda skeleton (Tomb:1)
  A wolf spider zombie (D:15)
  The ghost of HammerPanzer the Basher, a novice MiBe of Trog (D:6)
  3 spectral hydras (Swamp:4)
  14 orc knights
  12 necromancers
  An iron dragon zombie (Depths:2)
  A wizard (Vaults:1)
  4 orc sorcerers
  58 ugly things
  A faun (shapeshifter) (Vaults:5)
  5 wolf spiders
  A manticore (shapeshifter) (Vaults:3)
  An oklob plant (Lair:1)
  A frost giant zombie (Crypt:2)
  3 cyclopes
  11 salamanders
  A shining eye (Slime:1)
  2 stone giant skeletons
  3 fire giant zombies
  3 manticores
  A shock serpent zombie (Crypt:3)
  23 naga magi
  A black mamba (shapeshifter) (Depths:3)
  2 stone giant zombies
  A guardian serpent (shapeshifter) (D:15)
  An eye of devastation (Slime:1)
  6 elephants (Lair:6)
  5 guardian serpents
  Maurice (D:11)
  Psyche (D:8)
  23 black mambas
  A torpor snail (Lair:6)
  13 vault sentinels
  A rust devil (Tomb:1)
  3 spiny frogs (shapeshifter)
  3 yaktaur zombies
  A gargoyle (D:15)
  4 centaur skeletons
  A rime drake (shapeshifter) (Depths:1)
  21 spiny frogs
  3 swamp worm zombies (Swamp:4)
  A human zombie (Vaults:5)
  4 rime drakes (Lair:6)
  An efreet (D:13)
  7 freezing wraiths
  A kobold demonologist (D:12)
  A komodo dragon (shapeshifter) (Vaults:2)
  A grey draconian skeleton (Crypt:2)
  25 yaktaurs
  5 komodo dragons
  A purple draconian skeleton (Crypt:1)
  43 guardian mummies
  2 tengu conjurers
  A red draconian skeleton (Crypt:3)
  The ghost of VladsEpitaph the Chopper, an amateur MiBe of Trog (D:5)
  A queen bee (shapeshifter) (Vaults:3)
  12 trolls
  2 trolls (shapeshifter)
  4 meliai (shapeshifter)
  A queen bee (D:11)
  A golden dragon simulacrum (Depths:2)
  7 tyrant leeches
  10 polar bears
  A sphinx simulacrum (Vaults:3)
  5 hydra zombies
  2 polar bears (shapeshifter) (Vaults:2)
  Prince Ribbit (D:7)
  2 saltlings (Vaults:4)
  13 hornets
  A minotaur skeleton (Crypt:2)
  4 raiju (Lair:6)
  A tarantella zombie (Crypt:1)
  18 blink frogs
  5 spectral swamp dragons (Swamp:4)
  A hydra skeleton (Crypt:1)
  2 alligator zombies (Swamp:4)
  42 slime creatures
  14 bog bodies
  4 hippogriffs
  A snapping turtle (shapeshifter) (Vaults:5)
  A frost giant simulacrum (Depths:2)
  2 spriggan zombies
  3 dream sheep (Lair:6)
  An ettin zombie (Vaults:3)
  2 fire giant simulacra
  2 fire dragon zombies
  9 flying skulls
  An iron dragon simulacrum (Depths:1)
  10 wraiths
  4 shadows
  3 alligator skeletons
  6 spriggans
  4 water elementals
  Eustachio (D:5)
  8 air elementals
  An ettin skeleton (Vaults:3)
  6 wyverns
  2 fire elementals (Elf:1)
  6 basilisks
  Grum (D:8)
  51 yaks
  5 ushabtiu
  A hog (Snake:1)
  6 hungry ghosts
  3 steam dragons
  2 elf skeletons
  7 wargs
  A torturous demonspawn zombie (Crypt:3)
  31 vampire mosquitoes
  A yaktaur simulacrum (Vaults:2)
  43 nagas
  A soldier ant (D:11)
  14 insubstantial wisps
  2 acid dragons
  17 swamp worms
  Duvessa (D:7)
  A two-headed ogre skeleton (Crypt:2)
  13 hell hounds (Lair:6)
  18 water moccasins
  2 floating eyes (shapeshifter)
  18 black bears
  A floating eye (Vaults:4)
  7 swamp drakes
  A deep troll skeleton (Vaults:1)
  12 porcupines
  3 sky beasts
  2 spiny frog skeletons
  A slave (D:7)
  A lindwurm zombie (Crypt:2)
  3 elf zombies
  3 eyes of draining (D:11)
  An ogre (shapeshifter) (D:15)
  60 orc warriors
  5 ice beasts
  11 boggarts
  An ettin simulacrum (Vaults:2)
  8 necrophages
  7 phantoms
  23 centaurs
  47 ogres
  4 human skeletons
  4 swamp dragon zombies
  22 wolves
  A snapping turtle skeleton (Tomb:2)
  A manticore skeleton (Crypt:1)
  A salamander zombie (Crypt:2)
  12 crocodiles
  A big kobold (D:11)
  A fire crab zombie (Crypt:2)
  A hog skeleton (Crypt:3)
  An octopode zombie (Crypt:1)
  26 bullfrogs
  A gnoll sergeant (D:7)
  A glowing shapeshifter simulacrum (Vaults:3)
  4 earth elementals
  6 scorpions
  A wyvern skeleton (D:11)
  Dowan (D:7)
  32 killer bees
  A killer bee (shapeshifter) (Vaults:5)
  2 raiju skeletons
  9 wights
  An electric eel (D:6)
  8 howler monkeys
  4 centaur zombies
  11 hounds
  7 crimson imps
  A human simulacrum (Vaults:1)
  6 jellies
  A quasit (D:10)
  A black bear zombie (Crypt:3)
  2 bullfrog zombies (D:11)
  23 orc priests
  38 orc wizards
  3 bullfrog skeletons
  3 iguanas
  10 worker ants
  A dwarf zombie (Crypt:3)
  A tengu zombie (Crypt:1)
  15 mummies
  2 howler monkey zombies
  5 worker ant zombies
  2 howler monkey skeletons
  10 gnolls
  21 adders
  A river rat (D:4)
  4 shadow imps
  An ooze (D:1)
  An adder zombie (Ossuary)
  3 adder skeletons
  An iguana skeleton (Crypt:2)
  2 worms
  5 leopard geckos
  163 orcs
  8 ball pythons
  A bat zombie (Crypt:3)
  7 giant cockroaches
  12 goblins
  6 hobgoblins
  13 jackals
  2 quokkas
  7 bats
  10 frilled lizards
  A giant cockroach zombie (D:5)
  A hobgoblin skeleton (Ossuary)
  A hobgoblin zombie (Ossuary)
  16 kobolds
  3 kobold zombies (Ossuary)
  An orc zombie (Ossuary)
  13 rats
  A rat zombie (Crypt:2)
  3 crawling corpses
  4 plants
2697 creatures vanquished.

Vanquished Creatures (collateral kills)
  A death scarab (Tomb:2)
  A flying skull (Tomb:2)
2 creatures vanquished.

Vanquished Creatures (others)
  A lich (Depths:2)
  A deep elf master archer (Elf:3)
  2 fire giants
  An ironheart preserver (Vaults:5)
  A stone giant (Vaults:5)
  A yellow draconian (Depths:1)
  A mummy priest (Tomb:1)
  A yaktaur captain (Vaults:5)
  2 vault guards (Vaults:5)
  A centaur warrior (Vaults:3)
  6 death scarabs
  A deep elf knight (Vaults:4)
  4 deep elf archers
  2 deep elf magi
  A tengu conjurer (Depths:1)
  5 yaktaurs
  A slime creature (Swamp:4)
  10 flying skulls
  A human (Snake:1)
  7 insubstantial wisps (Swamp:4)
  An ogre (Vaults:3)
  A boggart (Depths:2)
  A wolf (Lair:6)
  3 centaurs
  An orc priest (Vaults:5)
  3 mummies (Tomb:2)
  A ball lightning (Tomb:1)
  7 fungi
  22 plants
90 creatures vanquished.

Grand Total: 2789 creatures vanquished

Notes
Turn   | Place    | Note
-------+----------+-------------------------------------------
     0 | D:1      | vineage the Gargoyle Fighter began the quest for the Orb.
     0 | D:1      | Reached XP level 1. HP: 14/14 MP: 1/1
    53 | D:1      | Reached XP level 2. HP: 19/19 MP: 2/2
   361 | D:1      | Reached XP level 3. HP: 17/23 MP: 3/3
   867 | D:2      | Found a hide-covered altar of Uskayaw.
  1049 | D:2      | Reached XP level 4. HP: 15/28 MP: 4/4
  1318 | D:2      | Found a glowing silver altar of Zin.
  1480 | D:3      | Found a basalt altar of Yredelemnul.
  1604 | D:3      | Reached skill level 5 in Maces & Flails
  1604 | D:3      | Reached XP level 5. HP: 30/32 MP: 5/5
  2250 | D:3      | Reached XP level 6. HP: 37/37 MP: 6/6
  2388 | D:4      | Found a glowing drain.
  2399 | D:4      | Got a twisted whip
  2400 | D:4      | Identified the +7 whip of Midwinter {slash, rPois rN+ Dex+5} (You found it on level 4 of the Dungeon)
  2439 | Sewer    | Entered a sewer
  3382 | D:4      | Found a burning altar of Makhleb.
  3448 | D:5      | Entered Level 5 of the Dungeon
  3459 | D:5      | Noticed Eustachio
  3484 | D:5      | Noticed VladsEpitaph's ghost (amateur MiBe)
  3851 | D:5      | Reached XP level 7. HP: 41/41 MP: 7/7
  3879 | D:5      | Killed VladsEpitaph's ghost
  3928 | D:5      | Killed Eustachio
  3928 | D:5      | Reached XP level 8. HP: 21/46 MP: 8/8
  4557 | D:5      | Found a white marble altar of Elyvilon.
  4558 | D:5      | Found a sparkling altar of Nemelex Xobeh.
  4880 | D:6      | Reached skill level 10 in Maces & Flails
  5182 | D:6      | Found a sand-covered staircase.
  5193 | Ossuary  | Entered an ossuary
  5288 | Ossuary  | Noticed a wraith
  5288 | Ossuary  | Noticed a flying skull
  5321 | Ossuary  | Noticed a flying skull
  5328 | Ossuary  | Noticed a flying skull
  5329 | Ossuary  | Noticed a wraith
  5337 | Ossuary  | Killed a wraith
  5348 | Ossuary  | Noticed a flying skull
  5369 | Ossuary  | Noticed a wraith
  5389 | Ossuary  | Killed a wraith
  5389 | Ossuary  | Reached XP level 9. HP: 46/51 MP: 9/9
  5469 | D:6      | Found a staircase to the Ecumenical Temple.
  5487 | Temple   | Entered the Ecumenical Temple
  5688 | Temple   | Became a worshipper of Warmaster Okawaru
  5790 | D:6      | Noticed HammerPanzer's ghost (novice MiBe)
  5810 | D:6      | HP: 1/51 [HammerPanzer's ghost (9)]
  5812 | D:6      | Gained mutation: Your mind is acute. (Int +2) [potion of mutation]
  5812 | D:6      | Gained mutation: You are agile. (Dex +2) [potion of mutation]
  5812 | D:6      | Gained mutation: You are resistant to hostile enchantments. (MR+) [potion of mutation]
  5821 | D:6      | Killed HammerPanzer's ghost
  5821 | D:6      | Reached * piety under Okawaru
  6676 | D:6      | Found a sacrificial altar of Ru.
  6894 | D:7      | Noticed Prince Ribbit
  6898 | D:7      | Noticed Dowan
  6934 | D:7      | Reached ** piety under Okawaru
  6950 | D:7      | Killed Dowan
  6954 | D:7      | Killed Prince Ribbit
  6967 | D:7      | Noticed Duvessa
  6978 | D:7      | Killed Duvessa
  6978 | D:7      | Reached skill level 1 in Dodging
  6978 | D:7      | Reached skill level 4 in Shields
  6978 | D:7      | Reached XP level 10. HP: 37/56 MP: 10/10
  7235 | D:7      | Found a shattered altar of Ashenzari.
  7308 | D:7      | Found a deep blue altar of Sif Muna.
  7362 | D:7      | Noticed Pikel
  7379 | D:7      | Killed Pikel
  7408 | D:7      | Reached *** piety under Okawaru
  7550 | D:8      | Noticed a two-headed ogre
  7567 | D:8      | Killed a two-headed ogre
  7567 | D:8      | Reached skill level 5 in Shields
  7966 | D:8      | Noticed geeseburger's ghost (journeyman TeAK)
  7983 | D:8      | Killed geeseburger's ghost
  7983 | D:8      | Reached **** piety under Okawaru
  7983 | D:8      | Reached skill level 5 in Fighting
  7983 | D:8      | Reached skill level 5 in Armour
  8033 | D:8      | Reached skill level 6 in Shields
  8325 | D:8      | Noticed Grum
  8327 | D:8      | Reached XP level 11. HP: 59/64 MP: 11/11
  8330 | D:8      | Found an ancient bone altar of Kikubaaqudgha.
  8331 | D:8      | Noticed a two-headed ogre
  8350 | D:8      | Killed a two-headed ogre
  8350 | D:8      | Reached ***** piety under Okawaru
  8359 | D:8      | Killed Grum
  8359 | D:8      | Reached skill level 7 in Shields
  8520 | D:8      | Noticed Psyche
  8528 | D:8      | Killed Psyche
  8552 | D:8      | Found a staircase to the Lair.
  8689 | D:8      | Received a gift from Okawaru
  8699 | D:8      | Got a pair of scorched gloves {god gift}
  8710 | D:8      | Identified the +1 pair of gloves of Inquiry {*Corrode Int+5} (Okawaru gifted it to you on level 8 of the Dungeon)
  8968 | D:9      | Reached skill level 8 in Shields
  8981 | D:9      | Lost mutation: You are resistant to hostile enchantments. (MR+) [potion of mutation]
  8981 | D:9      | Lost mutation: You are agile. (Dex +2) [potion of mutation]
  8981 | D:9      | Lost mutation: Your mind is acute. (Int +2) [potion of mutation]
  8981 | D:9      | Gained mutation: Your magical capacity is low. (-10% MP) [potion of mutation]
  8981 | D:9      | Gained mutation: You are resistant to hostile enchantments. (MR+) [potion of mutation]
  8981 | D:9      | Gained mutation: You possess an exceptional clarity of mind. [potion of mutation]
  8982 | D:9      | Lost mutation: Your magical capacity is low. (-10% MP) [potion of mutation]
  8982 | D:9      | Lost mutation: You are resistant to hostile enchantments. (MR+) [potion of mutation]
  8982 | D:9      | Gained mutation: You are partially covered in yellow scales. (AC +2) [potion of mutation]
  8982 | D:9      | Lost mutation: You possess an exceptional clarity of mind. [potion of mutation]
  8982 | D:9      | Gained mutation: Your muscles are strong. (Str +2) [potion of mutation]
  8983 | D:9      | Lost mutation: You are partially covered in yellow scales. (AC +2) [potion of mutation]
  8983 | D:9      | Lost mutation: Your muscles are strong. (Str +2) [potion of mutation]
  8983 | D:9      | Gained mutation: You possess an exceptional clarity of mind. [potion of mutation]
  8983 | D:9      | Gained mutation: You have sharp toenails. [potion of mutation]
  8983 | D:9      | Gained mutation: You passively map a small area around you. [potion of mutation]
  8984 | D:9      | Lost mutation: You passively map a small area around you. [potion of mutation]
  8984 | D:9      | Lost mutation: You have sharp toenails. [potion of mutation]
  8984 | D:9      | Gained mutation: You are partially covered in slimy green scales. (AC +2) [potion of mutation]
  8984 | D:9      | Gained mutation: You are surrounded by a mild repulsion field. (EV +2) [potion of mutation]
  8984 | D:9      | Gained mutation: Your muscles are strong. (Str +2) [potion of mutation]
  9404 | D:10     | Entered Level 10 of the Dungeon
  9645 | D:10     | Found a roughly hewn altar of Beogh.
  9814 | Lair:1   | Entered Level 1 of the Lair of Beasts
  9826 | Lair:1   | Noticed an eight-headed hydra
  9843 | Lair:1   | Killed an eight-headed hydra
  9957 | Lair:1   | Reached skill level 9 in Shields
 10109 | Lair:1   | Received a gift from Okawaru
 10109 | Lair:1   | Reached XP level 12. HP: 64/72 MP: 10/12
 10835 | Lair:2   | Reached skill level 5 in Dodging
 10855 | Lair:2   | Found a staircase to the Snake Pit.
 10862 | Lair:2   | Received a gift from Okawaru
 11116 | Lair:2   | Found a labyrinth entrance.
 11142 | Lab      | Entered a labyrinth
 11168 | Lab      | Identified a scroll of acquirement
 11566 | Lab      | Noticed a minotaur
 11588 | Lab      | Killed a minotaur
 11588 | Lab      | Reached skill level 1 in Stealth
 11621 | Lab      | Got a brightly glowing war axe
 11624 | Lair:2   | Identified the cursed +2 war axe "Agyameg" {chop, rPois} (You found it in a labyrinth)
 11709 | Lair:2   | Reached skill level 10 in Shields
 12236 | Lair:3   | Reached skill level 1 in Invocations
 12238 | Lair:3   | Noticed Fannar
 12264 | Lair:3   | Killed Fannar
 12264 | Lair:3   | Received a gift from Okawaru
 13024 | Lair:4   | Reached XP level 13. HP: 71/80 MP: 9/13
 13213 | Lair:4   | Found a staircase to the Swamp.
 13360 | Lair:4   | Reached skill level 11 in Shields
 13597 | Lair:4   | Got a flickering ivory amulet
 13599 | Lair:4   | Identified the amulet "Betrorap" {rPois MR+ Regen+ Int+2 Dex-5} (You acquired it on level 4 of the Lair of Beasts)
 14412 | Lair:5   | Reached ****** piety under Okawaru
 14636 | Lair:6   | Entered Level 6 of the Lair of Beasts
 14687 | Lair:6   | Reached skill level 12 in Shields
 14781 | Lair:6   | Received a gift from Okawaru
 14787 | Lair:6   | Got a pair of heavily runed gloves {god gift}
 14798 | Lair:6   | Identified the +0 pair of gloves of Okawaru's Displeasure {rElec Int-3 Dex+2 SInv} (Okawaru gifted it to you on level 6 of the Lair of Beasts)
 15046 | Lair:6   | Reached skill level 15 in Maces & Flails
 15102 | Lair:6   | Reached skill level 10 in Fighting
 15320 | Lair:6   | Found a staircase to the Slime Pits.
 15610 | Lair:6   | Gained mutation: Your large and strong wings let you fly indefinitely. [Gargoyle growth]
 15610 | Lair:6   | Reached XP level 14. HP: 88/88 MP: 14/14
 15960 | Lair:6   | Reached skill level 13 in Shields
 16690 | D:11     | Noticed Maurice
 16710 | D:11     | Killed Maurice
 16713 | D:11     | Received a gift from Okawaru
 16716 | D:11     | Got a jewelled great mace {god gift}
 16946 | D:11     | Reached skill level 14 in Shields
 17004 | D:11     | Noticed Sonja
 17090 | D:11     | Killed Sonja
 17268 | D:11     | Found a flagged portal.
 17275 | Bailey   | Entered a bailey
 17486 | Bailey   | Got brightly glowing ice dragon scales
 17500 | Bailey   | Identified the cursed +1 ice dragon scales of Fyij {rF- rC++ Int+3} (You found it in a bailey)
 17561 | Bailey   | Received a gift from Okawaru
 18342 | D:12     | Reached XP level 15. HP: 93/93 MP: 15/15
 18365 | D:12     | Found a staircase to the Orcish Mines.
 18656 | D:12     | Found a portal to a secret trove of treasure.
 18707 | D:12     | Reached skill level 15 in Shields
 19025 | D:13     | Found a gate to the Vaults.
 19051 | D:13     | Noticed Lovchig's ghost (journeyman DDFi)
 19067 | D:13     | Killed Lovchig's ghost
 19179 | D:13     | Received a gift from Okawaru
 19188 | D:13     | Got an encrusted chain mail {god gift}
 19199 | D:13     | Identified the +8 chain mail "Zocukh" {Regen+} (Okawaru gifted it to you on level 13 of the Dungeon)
 19243 | D:13     | Reached skill level 10 in Armour
 19340 | D:13     | Found Losubair's Weapon Boutique.
 19967 | D:14     | Found a glowing golden altar of the Shining One.
 19967 | D:14     | Noticed Nessos
 20078 | D:14     | Killed Nessos
 20389 | D:14     | Noticed Roxanne
 20514 | D:15     | Entered Level 15 of the Dungeon
 20570 | D:15     | Found Rofymuju's Antique Weapon Boutique.
 20814 | D:15     | Found a staircase to the Depths.
 20896 | D:15     | Reached skill level 16 in Shields
 20904 | D:15     | Received a gift from Okawaru
 21649 | Orc:1    | Entered Level 1 of the Orcish Mines
 21680 | Orc:1    | Paralysed by an orc sorcerer for 4 turns
 21789 | Orc:1    | Reached XP level 16. HP: 91/101 MP: 3/16
 21991 | Orc:2    | Entered Level 2 of the Orcish Mines
 22012 | Orc:2    | Found a roughly hewn altar of Beogh.
 22227 | Orc:2    | Found a staircase to the Elven Halls.
 22524 | Orc:2    | Received a gift from Okawaru
 22553 | Orc:2    | Found a roughly hewn altar of Beogh.
 22553 | Orc:2    | Found Jyzxa's Antique Armour Emporium.
 22565 | Orc:2    | Found Worez's Antique Weapon Shoppe.
 22779 | Orc:2    | Found a roughly hewn altar of Beogh.
 22787 | Orc:2    | Found Xihazeog's Antique Weapon Shoppe.
 22835 | Orc:2    | Found a roughly hewn altar of Beogh.
 22862 | Orc:2    | Found a roughly hewn altar of Beogh.
 22862 | Orc:2    | Found Turoonua's Book Shoppe.
 22919 | Orc:2    | Found a roughly hewn altar of Beogh.
 23215 | Swamp:1  | Entered Level 1 of the Swamp
 24063 | Swamp:2  | Reached skill level 17 in Shields
 24097 | Swamp:2  | Received a gift from Okawaru
 24650 | Swamp:3  | Noticed Aizul
 24693 | Swamp:3  | Killed Aizul
 24789 | Swamp:3  | Received a gift from Okawaru
 25194 | Swamp:4  | Entered Level 4 of the Swamp
 25472 | Swamp:4  | Noticed a thorn hunter
 25485 | Swamp:4  | Killed a thorn hunter
 25549 | Swamp:4  | Reached XP level 17. HP: 105/108 MP: 15/17
 25695 | Swamp:4  | Noticed a bone dragon
 26289 | Swamp:4  | Killed a bone dragon
 26289 | Swamp:4  | Received a gift from Okawaru
 26369 | Swamp:4  | Reached skill level 18 in Shields
 26400 | Swamp:4  | Got a decaying rune of Zot
 26649 | Snake:1  | Entered Level 1 of the Snake Pit
 26831 | Snake:1  | Found an ancient bone altar of Kikubaaqudgha.
 27100 | Snake:1  | Noticed Kirke
 27140 | Snake:1  | Killed Kirke
 27520 | Snake:2  | Found Tynner's Magic Scroll Emporium.
 27520 | Snake:2  | Found Ucsearih's Armour Shoppe.
 27521 | Snake:2  | Found Teongo's Antique Weapon Shoppe.
 27535 | Snake:2  | Found Nurghir's Gadget Emporium.
 27551 | Snake:2  | Bought a scroll of identify for 34 gold pieces
 27551 | Snake:2  | Bought a scroll of identify for 34 gold pieces
 27551 | Snake:2  | Bought a scroll of enchant weapon for 127 gold pieces
 28112 | Snake:2  | Got a vibrating granite ring
 28114 | Snake:2  | Identified the ring "Retout" {Dex+3 SInv} (You acquired it on level 2 of the Snake Pit)
 28631 | Snake:3  | Received a gift from Okawaru
 28779 | Snake:3  | Reached XP level 18. HP: 116/116 MP: 18/18
 29455 | Snake:4  | Entered Level 4 of the Snake Pit
 29455 | Snake:4  | Found Murrit Xenye's Jewellery Shoppe.
 29610 | Snake:4  | Reached skill level 19 in Shields
 29885 | Snake:4  | Found an iron altar of Okawaru.
 30051 | Snake:4  | Received a gift from Okawaru
 30552 | Snake:4  | Received a gift from Okawaru
 30675 | Snake:4  | Got a serpentine rune of Zot
 31035 | Snake:4  | Got a sparkling lead ring
 31038 | Snake:4  | Identified the ring "Qaofon" {rC+ Int+4 SInv} (You acquired it on level 4 of the Snake Pit)
 31307 | Vaults:1 | Entered Level 1 of the Vaults
 31485 | Vaults:1 | Reached skill level 20 in Shields
 31563 | Vaults:1 | Reached XP level 19. HP: 123/123 MP: 19/19
 31683 | Vaults:1 | Paralysed by a sphinx for 2 turns
 31820 | Vaults:1 | Reached skill level 15 in Fighting
 32182 | Vaults:1 | Noticed Asterion
 32214 | Vaults:1 | Killed Asterion
 32493 | Vaults:1 | Received a gift from Okawaru
 32655 | Vaults:1 | Received a gift from Okawaru
 32687 | Vaults:1 | Found Wamias's Gadget Boutique.
 32721 | Vaults:2 | Found Vago's Jewellery Emporium.
 32767 | Vaults:2 | Bought the amulet of the Exiled Friends {Reflect +Inv MR+ Dex-3 SH+4} for 685 gold pieces
 32881 | Vaults:2 | Noticed equalderp2856's ghost (adept MiFi)
 32961 | Vaults:2 | Killed equalderp2856's ghost
 33114 | Vaults:2 | Found a staircase to the Crypt.
 33114 | Vaults:2 | Found an ancient bone altar of Kikubaaqudgha.
 33115 | Vaults:2 | Found a basalt altar of Yredelemnul.
 33899 | Vaults:2 | Reached skill level 21 in Shields
 34015 | Vaults:2 | Reached XP level 20. HP: 130/130 MP: 20/20
 34098 | Vaults:2 | Reached skill level 15 in Armour
 34197 | Vaults:2 | Received a gift from Okawaru
 34443 | Vaults:3 | Noticed Frederick
 34505 | Vaults:3 | Noticed Margery
 34960 | Vaults:3 | Killed Frederick
 35030 | Vaults:3 | Killed Margery
 35220 | Vaults:3 | Found Vesien's Antique Weapon Shoppe.
 35358 | Vaults:3 | Received a gift from Okawaru
 35441 | Vaults:3 | Reached skill level 22 in Shields
 35455 | Vaults:3 | Got a transparent morningstar {god gift}
 35460 | Vaults:3 | Identified the +6 morningstar of Mofi {crush, Str+4} (Okawaru gifted it to you on level 3 of the Vaults)
 35630 | Vaults:3 | Noticed Jory
 35663 | Vaults:3 | Killed Jory
 36455 | Vaults:4 | Reached XP level 21. HP: 136/136 MP: 21/21
 36541 | Vaults:4 | Noticed Mennas
 36635 | Vaults:4 | Killed Mennas
 36635 | Vaults:4 | Received a gift from Okawaru
 37690 | Vaults:4 | Got a brightly glowing battleaxe {drain}
 37692 | Vaults:4 | Identified the +7 battleaxe of the Foot {drain, rF+} (You took it off a vault warden on level 4 of the Vaults)
 37952 | Vaults:4 | Received a gift from Okawaru
 37974 | Vaults:4 | Got a pair of twisted boots {god gift}
 37985 | Vaults:4 | Reached skill level 23 in Shields
 38003 | Vaults:4 | Identified the +2 pair of boots "Rurchafun" {Dex+5} (Okawaru gifted it to you on level 4 of the Vaults)
 39242 | Vaults:5 | Entered Level 5 of the Vaults
 39291 | Vaults:5 | Reached XP level 22. HP: 116/144 MP: 22/22
 39331 | Vaults:5 | Noticed Sojobo
 39337 | Vaults:5 | Paralysed by a floating eye for 2 turns
 39590 | Vaults:5 | Received a gift from Okawaru
 39597 | Vaults:5 | Noticed an ancient lich
 39643 | Vaults:5 | Killed an ancient lich
 39740 | Vaults:5 | Received a gift from Okawaru
 39863 | Vaults:5 | Noticed a golden dragon
 39863 | Vaults:5 | an iron giant changed into a golden dragon
 39867 | Vaults:5 | a golden dragon changed into an iron giant
 39873 | Vaults:5 | Noticed a golden dragon
 39873 | Vaults:5 | an iron giant changed into a golden dragon
 39879 | Vaults:5 | a golden dragon changed into an iron giant
 39880 | Vaults:5 | Noticed a caustic shrike
 39880 | Vaults:5 | an iron giant changed into a caustic shrike
 39881 | Vaults:5 | a caustic shrike changed into a shadow dragon
 39882 | Vaults:5 | Noticed a golden dragon
 39882 | Vaults:5 | a shadow dragon changed into a golden dragon
 39883 | Vaults:5 | a golden dragon changed into an iron giant
 39891 | Vaults:5 | Noticed a caustic shrike
 39891 | Vaults:5 | an iron giant changed into a caustic shrike
 39907 | Vaults:5 | a caustic shrike changed into an iron giant
 40004 | Vaults:5 | Reached skill level 24 in Shields
 40214 | Vaults:5 | Received a gift from Okawaru
 40215 | Vaults:5 | Got a polished hat {god gift}
 40237 | Vaults:5 | Identified the +0 hat "Oguis" {rN+ Str+4} (Okawaru gifted it to you on level 5 of the Vaults)
 40310 | Vaults:5 | HP: 1/145 [Sojobo/the air (31)]
 41073 | Vaults:5 | Got a flickering tin ring
 41077 | Vaults:5 | Got a warped iron ring
 41091 | Vaults:5 | Got a steaming long sword {freeze}
 41119 | Vaults:5 | Reached XP level 23. HP: 143/150 MP: 23/23
 41287 | Vaults:5 | Killed Sojobo
 41517 | Vaults:5 | Got a glittering ivory ring
 41585 | Vaults:5 | Got a silver rune of Zot
 41587 | Vaults:5 | Identified the Catalogue of Poisonous Air
 41639 | Vaults:5 | Got a twitching graven amulet
 41701 | Vaults:5 | Identified the Almanac of Battle Magic
 41703 | Vaults:5 | Identified the +6 long sword of Brawl {freeze, *Rage +Fly rElec Str+8} (You took it off a deep elf mage on level 5 of the Vaults)
 41705 | Vaults:5 | Identified the ring of Due Proportion {Slay+1 Stlth+} (You took it off an orc on level 5 of the Vaults)
 41707 | Vaults:5 | Identified the amulet "Ziliohih" {Harm *Drain rN+ Str+4 Int+4} (You found it on level 5 of the Vaults)
 41712 | Vaults:5 | Identified the ring "Xyluppeg" {rF+ MP+9 Dex+7} (You took it off an orc on level 5 of the Vaults)
 41714 | Vaults:5 | Identified the ring "Deni" {Ice Str+2} (You took it off a vault sentinel on level 5 of the Vaults)
 42365 | Elf:1    | Entered Level 1 of the Elven Halls
 42435 | Elf:1    | Found Jiawina's Antique Weapon Emporium.
 43451 | Elf:2    | Reached skill level 10 in Dodging
 43510 | Elf:2    | Received a gift from Okawaru
 43670 | Elf:2    | Found a large runed door.
 43670 | Elf:2    | Found a large runed door.
 43671 | Elf:2    | Found a large runed door.
 43672 | Elf:2    | Found a large runed door.
 44370 | Elf:3    | Entered Level 3 of the Elven Halls
 44726 | Elf:3    | Received a gift from Okawaru
 44821 | Elf:3    | Got a pair of heavily runed gloves {god gift}
 44823 | Elf:3    | Identified the +3 pair of gloves of Untold Secrets {rN+ MP+9 Int+2 Dex-2} (Okawaru gifted it to you on level 3 of the Elven Halls)
 45012 | Elf:3    | Reached XP level 24. HP: 125/159 MP: 23/23
 45110 | Elf:3    | Identified the Reference Book on Confrontation
 45122 | Elf:3    | Gained mutation: Your spells are a little easier to cast, but a little less powerful. [a cacodemon]
 45142 | Elf:3    | Identified Efaawk's Catalogue of Lethal Stones
 45161 | Elf:3    | Got a slimy chain mail
 45188 | Elf:3    | Got a crude long sword
 45193 | Elf:3    | Got a smoking mace
 45197 | Elf:3    | Identified the cursed +0 chain mail of the Lumpy Cities {-Tele rPois rN+ Int+8} (You found it on level 3 of the Elven Halls)
 45199 | Elf:3    | Identified the +5 long sword of Ywkadghath {elec, Int+3} (You found it on level 3 of the Elven Halls)
 45207 | Elf:3    | Got a heavily runed tin ring
 45241 | Elf:3    | Got a vibrating ruby amulet
 45241 | Elf:3    | Got a translucent granite ring
 45250 | Elf:3    | Identified the amulet "Cequhime" {RegenMP Str+6 Dex+2} (You took it off a deep elf demonologist on level 3 of the Elven Halls)
 45252 | Elf:3    | Identified the ring "Suizi" {+Blink rPois Int+3} (You found it on level 3 of the Elven Halls)
 45254 | Elf:3    | Identified the ring of the Cricket {AC+4 Dex+2} (You took it off a deep elf blademaster on level 3 of the Elven Halls)
 45679 | D:14     | Fell from the grace of Okawaru
 45679 | D:14     | Became a worshipper of the Shining One
 45681 | D:14     | Identified the +11 mace "Ciups" {flame, +Inv MP+9 Int+3} (You found it on level 3 of the Elven Halls)
 45762 | Depths:1 | Entered Level 1 of the Depths
 45762 | Depths:1 | Found Sagebun's Superlative Supplies.
 45902 | D:15     | HP: 1/160 [titan/the air[the fury of Okawaru] (34)]
 46030 | D:15     | Noticed Jazqa's ghost (journeyman DsBe)
 46050 | D:15     | Killed Jazqa's ghost
 46241 | Depths:1 | Found a gateway to Hell.
 46252 | Depths:1 | Found a gateway to a ziggurat.
 46276 | Depths:1 | Reached * piety under the Shining One
 47064 | Depths:1 | Reached ** piety under the Shining One
 47248 | Depths:1 | Found a glowing golden altar of the Shining One.
 47261 | Depths:1 | Found a white marble altar of Elyvilon.
 47263 | Depths:1 | Found a glowing silver altar of Zin.
 47657 | Depths:2 | Reached *** piety under the Shining One
 48015 | Depths:2 | Got a flickering steel ring
 48031 | Depths:2 | Identified the ring "Loheoplell" {Fire Str+2} (You found it on level 2 of the Depths)
 48422 | Depths:2 | Reached **** piety under the Shining One
 48427 | Depths:2 | Reached XP level 25. HP: 168/168 MP: 23/23
 48493 | Depths:2 | Found a one-way gate to the infinite horrors of the Abyss.
 49669 | Depths:3 | Noticed an ancient lich
 49669 | Depths:3 | Reached ***** piety under the Shining One
 49682 | Depths:3 | Killed an ancient lich
 49775 | Depths:3 | Paralysed by a vampire knight for 7 turns
 49889 | Depths:3 | Identified Ramidam's Compendium of Evil
 50331 | Depths:3 | Found a one-way gate leading to the halls of Pandemonium.
 50645 | Depths:3 | Was forgiven by Okawaru
 51043 | Depths:3 | Got a scorched brass ring
 51047 | Depths:3 | Identified the ring "Butwyvia" {SInv Stlth+} (You found it on level 3 of the Depths)
 51432 | Depths:4 | Found Ehinacuz's One-of-a-Kind Books.
 51444 | Depths:4 | Reached ****** piety under the Shining One
 51533 | Depths:4 | Paralysed by a great orb of eyes for 4 turns
 52086 | Depths:4 | Identified a +8 sacred scourge of holy wrath (a +6 vampiric demon whip blessed by the Shining One)
 52086 | Depths:4 | Received a gift from the Shining One
 52402 | Depths:4 | Reached XP level 26. HP: 176/176 MP: 26/26
 52557 | Depths:4 | Reached skill level 5 in Invocations
 53238 | Depths:5 | Entered Level 5 of the Depths
 53289 | Depths:5 | Found Meudeliy's Armour Shoppe.
 53291 | Depths:5 | Found Zaguptem's Antique Weapon Emporium.
 53295 | Depths:5 | Found Jaaduc's Distillery.
 53302 | Depths:5 | Bought a potion of curing for 45 gold pieces
 53302 | Depths:5 | Bought a potion of ambrosia for 120 gold pieces
 53302 | Depths:5 | Bought a potion of haste for 150 gold pieces
 53302 | Depths:5 | Bought a potion of curing for 45 gold pieces
 53302 | Depths:5 | Bought a potion of curing for 45 gold pieces
 53302 | Depths:5 | Bought 2 potions of curing for 90 gold pieces
 53817 | Depths:5 | Paralysed by a floating eye for 3 turns
 53897 | Depths:5 | Found a gate to the Realm of Zot.
 54145 | Depths:5 | Found a shattered altar of Ashenzari.
 54725 | Orc:2    | Bought a book of the Sky for 1040 gold pieces
 54744 | Orc:2    | Learned a level 6 spell: Deflect Missiles
 54755 | Orc:2    | Learned a level 9 spell: Tornado
 55111 | Slime:1  | Entered Level 1 of the Pits of Slime
 55136 | Slime:1  | HP: 8/178 [acid (5)]
 55599 | Vaults:1 | Reached skill level 1 in Spellcasting
 55713 | Crypt:1  | Entered Level 1 of the Crypt
 55769 | Crypt:1  | Reached skill level 1 in Charms
 55902 | Crypt:1  | Reached skill level 1 in Air Magic
 55915 | Crypt:1  | Noticed Khufu
 55919 | Crypt:1  | Noticed a greater mummy
 55920 | Crypt:1  | Noticed a greater mummy
 56107 | Crypt:1  | Killed Khufu
 56372 | Crypt:1  | Killed a greater mummy
 56405 | Crypt:1  | Killed a greater mummy
 56774 | Crypt:1  | Reached XP level 27. HP: 183/183 MP: 29/29
 57636 | Crypt:2  | Reached skill level 10 in Invocations
 58019 | Crypt:2  | Reached skill level 5 in Spellcasting
 58111 | Crypt:2  | Reached skill level 5 in Charms
 58156 | Crypt:3  | Entered Level 3 of the Crypt
 58308 | Crypt:3  | Noticed an ancient lich
 58308 | Crypt:3  | Noticed an ancient lich
 58308 | Crypt:3  | Noticed an ancient lich
 58343 | Crypt:3  | Killed an ancient lich
 58345 | Crypt:3  | Killed an ancient lich
 58354 | Crypt:3  | Killed an ancient lich
 58354 | Crypt:3  | Reached skill level 5 in Air Magic
 58727 | Crypt:3  | Noticed Bai Suzhen
 58746 | Crypt:3  | Killed Bai Suzhen
 59196 | Crypt:3  | Found a staircase to the Tomb.
 59208 | Tomb:1   | Entered Level 1 of the Tomb of the Ancients
 59795 | Tomb:1   | Noticed a greater mummy
 59809 | Tomb:1   | Killed a greater mummy
 59819 | Tomb:1   | Noticed a greater mummy
 59852 | Tomb:1   | Killed a greater mummy
 59957 | Tomb:1   | Reached skill level 15 in Invocations
 60393 | Tomb:2   | Noticed a greater mummy
 60394 | Tomb:2   | Noticed a greater mummy
 60395 | Tomb:2   | Noticed a greater mummy
 60395 | Tomb:2   | Noticed an ancient lich
 60397 | Tomb:2   | Noticed a greater mummy
 60896 | Tomb:3   | Entered Level 3 of the Tomb of the Ancients
 61052 | Tomb:3   | Noticed a greater mummy
 61053 | Tomb:3   | Noticed a greater mummy
 61054 | Tomb:3   | Noticed a greater mummy
 61059 | Tomb:3   | Noticed a greater mummy
 61068 | Tomb:3   | Killed from afar by a mummy priest

Skill      XL: |  1  2  3  4  5  6  7  8  9 10 11 12 13 14 15 16 17 18 19 20 21 22 23 24 25 26 27 |
---------------+----------------------------------------------------------------------------------+-----
Maces & Flails | 3 4 5 6 7 9 11 13 14 15 16 17 18 19 20 21 22 | 22.6
Dodging        | 1 2 4 5 6 7 8 9 10 11 | 11.8
Shields        | 4 6 9 10 12 14 16 17 18 20 21 22 23 24 | 24.5
Armour         | 5 6 8 9 10 11 12 13 14 15 16 17 18 19 20 | 20.4
Fighting       | 5 7 8 10 12 13 14 15 16 17 18 19 20 21 | 21.6
Stealth        | 1 2 3 |  3.4
Invocations    | 1 4 8 16 | 16.9
Spellcasting   | 3 7 |  7.5
Charms         | 3 7 |  7.4
Air Magic      | 3 6 |  6.5
Evocations     | |  0.1

Action                   |  1- 3 |  4- 6 |  7- 9 | 10-12 | 13-15 | 16-18 | 19-21 | 22-24 | 25-27 || total
-------------------------+-------+-------+-------+-------+-------+-------+-------+-------+-------++-------
Melee: Flail             |   141 |   183 |       |       |       |       |       |       |       ||   324
       Whip              |       |   113 |   315 |   959 |  1094 |       |       |       |       ||  2481
       Demon whip        |       |       |       |       |  1460 |  2912 |  2545 |  1860 |       ||  8777
       Mace              |       |       |       |       |       |       |       |  1134 |  1191 ||  2325
       Sacred scourge    |       |       |       |       |       |       |       |       |  1571 ||  1571
Invok: Heroism           |       |       |       |     1 |       |       |     3 |     2 |       ||     6
       Finesse           |       |       |       |     1 |       |     1 |       |     3 |       ||     5
       Divine Shield     |       |       |       |       |       |       |       |       |    12 ||    12
       Brand Weapon With |       |       |       |       |       |       |       |       |     1 ||     1
       Cleansing Flame   |       |       |       |       |       |       |       |       |    29 ||    29
       Summon Divine War |       |       |       |       |       |       |       |       |     2 ||     2
 Abil: Fly               |       |       |       |       |     1 |       |       |       |       ||     1
  Use: Scroll            |       |    12 |     4 |     9 |    23 |    16 |    16 |    17 |    14 ||   111
       Potion            |       |     2 |    15 |     6 |     3 |       |    11 |    19 |    15 ||    71
 Stab: Confused          |       |       |       |       |     2 |     1 |       |       |       ||     3
       Sleeping          |       |       |       |       |     1 |       |       |       |       ||     1
  Eat: Chunk             |       |     8 |     1 |    15 |    26 |    24 |    21 |    16 |     9 ||   120
       Fruit             |       |     2 |     1 |     3 |     4 |     6 |     6 |     3 |    14 ||    39
       Meat ration       |       |       |     1 |       |     1 |       |       |       |     3 ||     5
       Royal jelly       |       |       |     1 |     2 |     1 |     3 |     1 |     6 |     3 ||    17
       Bread ration      |       |       |       |       |       |       |       |       |     2 ||     2
Armor: Scale mail        |    97 |   145 |    94 |   228 |   410 |       |       |       |       ||   974
       Skin              |       |       |     1 |    18 |       |       |       |       |       ||    19
       Ice dragon scales |       |       |       |       |    69 |       |       |       |       ||    69
       Chain mail        |       |       |       |       |   144 |   829 |   460 |   587 |   509 ||  2529
Dodge: Dodged            |    64 |   107 |    52 |   173 |   829 |   617 |   445 |   726 |   804 ||  3817
       Deflected         |       |       |       |       |       |    46 |    18 |    18 |       ||    82
Block: Shield            |    79 |   142 |   108 |   404 |  1212 |       |       |       |       ||  1945
       Large shield      |       |       |       |       |   803 |  2689 |  2404 |  3622 |  3319 || 12837
       Reflection        |       |       |       |       |       |       |    83 |    87 |       ||   170
